 Dungeon Crawl Stone Soup version 0.18.1-1-g2f07953 (webtiles) character file.

5471 jyri the Spear-Bearer (level 10, -8/77 HPs)
             Began as a Centaur Fighter on May 7, 2016.
             Was an Elder of Okawaru.
             Shot with a sling bullet by Joseph (13 damage)
             ... on level 9 of the Dungeon.
             The game lasted 01:03:00 (14633 turns).

jyri the Spear-Bearer (Centaur Fighter)            Turns: 14633, Time: 01:03:01

Health: -8/77      AC:  9    Str: 22    XL:     10   Next: 42%
Magic:  0/19       EV:  6    Int:  7    God:    Okawaru [****..]
Gold:   416        SH:  8    Dex:  9    Spells: 0 memorised, 9 levels left

rFire  . . .     SeeInvis .     a - +2 trident (venom)
rCold  . . .     Gourm    .     Q - +2 ring mail {rPois}
rNeg   . . .     Faith    .     c - +0 shield
rPois  +         Spirit   +     (no helmet)
rElec  .         Dismiss  .     D - +0 cloak
rCorr  .         Reflect  .     (no gloves)
SustAt .         Harm     .     (no barding)
MR     .....                    u - amulet of guardian spirit
Stlth  ..........               s - ring of poison resistance
                                B - ring of magical power

@: very quick, not resistant to hostile enchantments, extremely unstealthy
A: hooves 3, deformed body, speed 2, tough skin 3
a: Heroism, Renounce Religion


You were on level 9 of the Dungeon.
You worshipped Okawaru.
Okawaru was greatly pleased with you.
You were hungry.

You visited 2 branches of the dungeon, and saw 10 of its levels.

You collected 416 gold pieces.

Inventory:

Hand Weapons
 a - a +2 trident of venom (weapon)
 b - a +0 hunting sling
 N - a +0 blowgun
 R - a +0 shortbow
Missiles
 e - 57 sling bullets
 g - 7 javelins
 k - 64 bolts
 l - 16 poisoned needles
 v - 2 throwing nets (quivered)
 w - 4 tomahawks
 S - 27 arrows
Armour
 c - a +0 shield (worn)
 D - a +0 cloak (worn)
 Q - a +2 ring mail of poison resistance (worn)
 U - a +0 chain mail
Jewellery
 r - an uncursed ring of wizardry
 s - a ring of poison resistance (right hand)
 u - an amulet of guardian spirit (around neck)
 B - a ring of magical power (left hand)
 F - an uncursed ring of flight
 I - an uncursed amulet of magic regeneration
Wands
 z - a wand of teleportation (9/9)
 H - a wand of iceblast (7/15)
 O - a wand of flame (38/48)
Scrolls
 h - 5 scrolls of teleportation
 j - 3 scrolls of recharging
 m - 2 scrolls of identify
 n - a scroll of enchant weapon
 y - 2 scrolls of noise
 G - 2 scrolls of fear
 J - a scroll of holy word {unknown}
 K - a scroll of amnesia
 M - a scroll of magic mapping
 P - a scroll of remove curse
Potions
 d - a potion of resistance
 i - a potion of flight
 p - 2 potions of ambrosia
 t - 2 potions of curing
 x - a potion of cure mutation
 A - 2 potions of lignification
 C - 2 potions of agility
 L - a potion of might
Books
 o - a book of Alchemy

   Spells                             Type                      Level
   a - Sublimation of Blood           Necromancy                   2
   b - Ignite Poison                  Fire/Transmutation/Poison    3
   c - Petrify                        Transmutation/Earth          4
   d - Alistair's Intoxication        Transmutation/Poison         5
   e - Irradiate                      Conjuration/Transmutation    5
 E - a book of Beasts

   Spells                             Type                      Level
   a - Summon Butterflies             Summoning                    1
   b - Call Canine Familiar           Summoning                    3
   c - Summon Ice Beast               Ice/Summoning                4
   d - Summon Mana Viper              Hexes/Summoning              5
   e - Summon Hydra                   Summoning                    7
Comestibles
 f - 2 bread rations
 q - 4 meat rations


   Skills:
 - Level 3.0 Fighting
 + Level 13.8 Polearms
 - Level 2.1 Armour
 - Level 2.1 Shields


You had 9 spell levels left.
You didn't know any spells.

Dungeon Overview and Level Annotations

Branches:
Dungeon (9/15)             Temple (1/1) D:4            Lair (0/8) D:8
    Orc: D:9-12

Altars:
Ashenzari
Cheibriados
Dithmenos
Elyvilon
Fedhas
Gozag
Kikubaaqudgha
Makhleb
Nemelex Xobeh
Okawaru
Pakellas
Qazlal
Ru
Sif Muna
Trog
Vehumet
Xom
Yredelemnul
Zin
The Shining One

Annotations:
D:7 CcS's ghost, novice MiBe
D:9 Grum; Joseph


Innate Abilities, Weirdness & Mutations

You have hooves in place of feet.
Armour fits poorly on your strangely shaped body.
You cover ground very quickly.
You have extremely tough skin (AC +3).


Message History

* * * LOW HITPOINT WARNING * * *
You see here a sling bullet.
Joseph shoots a sling bullet.
The sling bullet hits you.
* * * LOW HITPOINT WARNING * * *
You see here a sling bullet.
There is an open door here.
Things that are here:
a short sword; a scale mail; a club
Items here: )) [[ a dagger; a robe; a dagger; a robe
There is an open door here.
You are feeling hungry.
You close the door.
You start resting.
Joseph, a Mercenary opens the door.
He is wielding a hunting sling.
Joseph shoots a sling bullet.
The sling bullet hits you!
* * * LOW HITPOINT WARNING * * *
You see here a sling bullet.
Joseph shoots a sling bullet.
The sling bullet hits you!
You die...

#..............................
#..............................
#..........##+#######(##+#####.
#..........#...#......(......#.
###..........#...#.............#
..#..........#...#.............#
..#..........@...#.............#
..#..).).....#.(.##.##+####....#
..####)#.....###@##.##..###....##
..##...#.....#...........#.......
..##...#.....#...........#.......
.......#.....#...........#.......
.......#.....#...........#.......
.......#.....#########...########
.......#.............#...#.......
.......#.............#####.......
..##+###.........................


You could see Joseph.

Vanquished Creatures
  A cyclops (D:9)
  A troll (D:9)
  A two-headed ogre (D:8)
  Grinder (D:4)
  A wyvern (D:9)
  2 hungry ghosts
  2 sky beasts
  2 orc warriors
  A black bear (D:7)
  2 ogres
  3 wolves (D:9)
  A centaur (D:9)
  4 giant frogs
  A wyvern zombie (D:7)
  A gnoll sergeant (D:3)
  5 scorpions
  6 killer bees
  A wight (D:8)
  A howler monkey (D:8)
  7 crimson imps
  A giant frog zombie (D:5)
  4 hounds
  3 giant frog skeletons
  A jelly (D:7)
  A gnoll shaman (D:3)
  11 orc priests
  3 centaur skeletons
  2 worker ants
  Natasha (D:3)
  4 iguanas
  10 orc wizards
  A worker ant zombie (D:8)
  A hound skeleton (D:7)
  A howler monkey zombie (D:7)
  32 gnolls
  5 river rats (D:5)
  16 adders
  3 shadow imps
  An ooze (D:6)
  2 adder skeletons (D:5)
  2 adder zombies
  8 worms
  2 dart slugs
  4 giant geckos
  27 orcs
  3 giant cockroaches
  8 goblins
  10 hobgoblins
  21 jackals (D:3)
  7 kobolds
  3 quokkas
  3 ball pythons
  6 bats
  A giant newt (D:7)
  A jackal skeleton (D:8)
  24 rats
277 creatures vanquished.

Vanquished Creatures (others)
  3 fungi (D:8)
  A plant (D:8)
4 creatures vanquished.

Grand Total: 281 creatures vanquished

Notes
Turn   | Place    | Note
--------------------------------------------------------------
     0 | D:1      | jyri the Centaur Fighter began the quest for the Orb.
     0 | D:1      | Reached XP level 1. HP: 19/19 MP: 1/1
    13 | D:1      | Reached skill level 2 in Polearms
   253 | D:1      | Reached XP level 2. HP: 26/26 MP: 2/2
   703 | D:1      | Reached skill level 3 in Polearms
   807 | D:1      | Reached XP level 3. HP: 31/31 MP: 3/3
  1774 | D:2      | Reached XP level 4. HP: 33/38 MP: 4/4
  1844 | D:2      | Reached skill level 4 in Polearms
  2988 | D:3      | Found a faded altar to an unknown god.
  3175 | D:3      | Reached XP level 5. HP: 45/45 MP: 5/5
  3491 | D:2      | Reached skill level 5 in Polearms
  3689 | D:3      | Reached XP level 6. HP: 51/51 MP: 6/6
  3712 | D:3      | Reached skill level 6 in Polearms
  4992 | D:3      | Reached skill level 7 in Polearms
  4992 | D:3      | Reached XP level 7. HP: 57/57 MP: 7/7
  5766 | D:3      | Noticed Natasha
  5770 | D:3      | Killed Natasha
  6137 | D:4      | Noticed Grinder
  6505 | D:5      | Entered Level 5 of the Dungeon
  6505 | D:5      | Found a stormy altar of Qazlal.
  6505 | D:5      | Found a snail-covered altar of Cheibriados.
  6505 | D:5      | Found an iron altar of Okawaru.
  6588 | D:4      | Reached skill level 8 in Polearms
  7118 | D:4      | Paralysed by Grinder for 2 turns
  7138 | D:4      | Killed Grinder
  7138 | D:4      | Reached XP level 8. HP: 53/63 MP: 8/8
  7301 | D:4      | Reached skill level 9 in Polearms
  7417 | D:4      | Found a staircase to the Ecumenical Temple.
  7426 | Temple   | Entered the Ecumenical Temple
  8591 | D:5      | Became a worshipper of Warmaster Okawaru
  8654 | D:5      | Reached skill level 10 in Polearms
  9565 | D:5      | Found a white marble altar of Elyvilon.
  9624 | D:5      | Reached XP level 9. HP: 69/69 MP: 9/9
 10080 | D:6      | Reached skill level 11 in Polearms
 10358 | D:6      | Reached * piety under Okawaru
 11024 | D:7      | Noticed CcS's ghost (novice MiBe)
 11350 | D:7      | Found a shimmering altar of Xom.
 11811 | D:8      | Reached skill level 12 in Polearms
 12009 | D:8      | Found a staircase to the Lair.
 12761 | D:8      | Reached ** piety under Okawaru
 13433 | D:9      | Noticed Joseph
 13465 | D:8      | Reached XP level 10. HP: 71/77 MP: 10/10
 13571 | D:8      | Reached skill level 13 in Polearms
 13836 | D:9      | Noticed a cyclops
 13853 | D:9      | Killed a cyclops
 13853 | D:9      | Reached *** piety under Okawaru
 14518 | D:9      | Reached **** piety under Okawaru
 14558 | D:9      | Noticed Grum
 14633 | D:9      | Shot with a sling bullet by Joseph

Skill      XL: |  1  2  3  4  5  6  7  8  9 10 |
---------------+-------------------------------+-----
Polearms       | 2 3 4 5 7 8 10 12 13 | 13.8
Fighting       | |  3.0
Armour         | |  2.1
Shields        | |  2.1

Action                   |  1- 3 |  4- 6 |  7- 9 | 10-12 || total
-------------------------+-------+-------+-------+-------++-------
Melee: Trident           |   133 |   240 |   641 |   114 ||  1128
       Kick              |    18 |    36 |   128 |    23 ||   205
 Fire: Hunting sling     |       |     7 |    10 |    11 ||    28
  Use: Scroll            |       |       |    20 |       ||    20
       Potion            |       |       |     1 |       ||     1
  Eat: Chunk             |     2 |     9 |     9 |     2 ||    22
       Fruit             |       |     1 |       |       ||     1
       Bread ration      |       |       |     4 |     1 ||     5
Armor: Scale mail        |    47 |    56 |   148 |       ||   251
       Ring mail         |       |       |    17 |    34 ||    51
Dodge: Dodged            |    24 |    44 |    70 |    37 ||   175
Block: Shield            |    40 |    96 |   155 |    54 ||   345
